AoeStats
← xiscosb

Scandinavia

510559909Analyzed
1v1 RM · 10h ago on Oct 1, 2026· 19m 6s· 2 players
Game mode
Random Map
Map size
Tiny (2 player)
Population
200
Speed
Normal
Resources
Standard
Victory
Conquest
Starting age
Dark Age
Ending age
Imperial Age
RankedLock teamsTeams togetherTeam positionsShared explorationLock speedFull tech treeHidden civsTurbo modeCheats
Victory
Defeat
🇪🇸 Japanese · Spain
803
+16
🇨🇱 Koreans · Chile
794
-16
iñakielmetralleta
0:36 Loom
11:01 Feudal Age
11:48 Double-Bit Axe
14:21 Horse Collar
17:52 Man-at-Arms
xiscosb
0:26 Loom
10:22 Feudal Age
11:44 Wheelbarrow
10:58 Double-Bit Axe
11:10 Fishing Lines
12:48 Man-at-Arms
13:13 Arson
15:54 Forging
15:46 Town Watch
16:40 Fletching
17:24 Scale Mail Armor
17:24 Padded Archer Armor
Connection lost

Rejoining the realm…

Still unreachable

The connection could not be restored.

Session expired

The server has moved on; the page needs a fresh start.